 Dungeon Crawl Stone Soup version 0.30.0-21-gd299b56b3f (webtiles) character file.

Game seed: 13649080538099146542

42 qw the Chopper (level 3, 0/23 HPs)
             Began as a Gargoyle Fighter on June 2, 2023.
             Killed from afar by Jessica (2 damage)
             ... with a puff of flame
             ... on level 2 of the Dungeon.
             The game lasted 00:00:28 (1133 turns).

qw the Chopper (Gargoyle Fighter)                   Turns: 1133, Time: 00:00:29

Health: 0/23       AC: 10    Str: 21    XL:     3   Next: 54%
Magic:  3/3        EV:  9    Int:  8    God:
Gold:   51         SH:  4    Dex:  9    Spells: 2/2 levels left

rFire   + . .        Y - +0 war axe
rCold   . . .        c - +0 buckler
rNeg    + . .        b - +0 scale mail
rPois   inf          (no helmet)
rElec   +            (no cloak)
rCorr   .            (no gloves)
SInv    +            (no boots)
Will    .....        (no amulet) Stlth
                     f - ring of protection from fire
HPRegen 0.23/turn    i - ring of see invisible
MPRegen 0.08/turn

%: no passive effects
@: slowed, very slow
A: sickness immunity, AC +3, negative energy resistance 1, electricity
resistance, torment resistance 1, petrification resistance
a: no special abilities


You were on level 2 of the Dungeon.
You visited 1 branch of the dungeon, and saw 2 of its levels.

You collected 51 gold pieces.


Innate Abilities, Weirdness & Mutations

You are immune to sickness and miasma.
Your stone body is resilient. (AC +3)
You are immune to poison.
You resist negative energy. (rN+)
You are resistant to electric shocks. (rElec)
You are resistant to unholy torment.
You are immune to petrification.


   Skills:
 - Level 3.2 Fighting
 + Level 3.4 Axes
 - Level 3.2 Armour
 - Level 3.2 Shields


You had 2 spell levels left.
You didn't know any spells.
Your spell library was empty.

Inventory:

Hand Weapons
 a - a +0 club
 Y - a +0 war axe (weapon)
Armour
 b - a +0 scale mail (worn)
 c - a +0 buckler (worn)
Jewellery
 f - a ring of protection from fire (left hand)
 i - a ring of see invisible (right hand)
 j - a +6 ring of dexterity
Scrolls
 g - a scroll of enchant armour {unknown}
 k - a scroll of identify {unknown}
Potions
 d - 2 potions of might
 h - a potion of ambrosia {unknown}

Dungeon Overview and Level Annotations

Branches:
Dungeon (2/15)

Altars:

Annotations:
D:2 Jessica


Message History

Jessica hits you with a +0 dagger. The adder bites you but does no damage.
Jessica zaps a wand.
The puff of flame hits you. You resist. The adder bites you but does no damage.
You barely miss the adder.
The adder is heavily wounded.
You barely miss Jessica. The adder bites you but does no damage.
Jessica barely misses you. You block the adder's attack.
Jessica hits you but does no damage. The adder closely misses you.
Your unstable footing causes you to fumble your attack.
You feel yourself speed up. The adder barely misses you.
You block Jessica's attack. The adder bites you but does no damage.
Jessica splashes around in the water.
Your unstable footing causes you to fumble your attack.
The adder barely misses you. Jessica hits you with a +0 dagger.
The adder bites you but does no damage. Jessica gestures at you while chanting.
You feel yourself slow down.
Your unstable footing causes you to fumble your attack.
The adder bites you but does no damage. x2
Jessica splashes around in the water.
The adder bites you but does no damage. Jessica hits you with a +0 dagger.
You closely miss the adder.
The adder is heavily wounded.
You barely miss Jessica. The adder bites you.
Jessica hits you with a +0 dagger. The adder bites you but does no damage.
Jessica zaps a wand.
The puff of flame hits you. You resist.
You slash the adder!
You kill the adder!
You hit Jessica. Jessica closely misses you. x2
You closely miss Jessica.
Jessica is lightly wounded.
Jessica barely misses you.
Jessica casts a spell.
Jessica blinks!
Jessica hits you with a +0 dagger.
Jessica zaps a wand.
The puff of flame hits you. You resist.
You die...

~~~~~~~~~7~~~#
~~~~~~~~~~~~~~#
7~~P~~~~~~~~7.#
7~~P~~~%~777.#
~~~~~~P~7~P7.#
~7~7~~~7~P~7P.#
P~~~~~~~~~7P#.#
7~~7~~~~77# #
7~~~P@777
#~P~P@P7
..##7~7~7 #~~7#
# . .# . ##


You could see Jessica.

Vanquished Creatures
  An adder (D:2)
  A dart slug (D:2)
  5 bats
  2 endoplasms
  2 goblins
  4 hobgoblins (D:2)
  4 jackals (D:2)
  4 frilled lizards
  3 kobolds
  2 rats (D:1)
28 creatures vanquished.

Notes
Turn   | Place    | Note
-------+----------+-------------------------------------------
     0 | D:1      | qw the Gargoyle Fighter began the quest for the Orb.
     0 | D:1      | Reached XP level 1. HP: 14/14 MP: 1/1
     0 | D:1      | 0 ||| qw: Version: 0.2-a-102-gdf20003
     0 | D:1      | 0 ||| qw: Game counter: 850
     0 | D:1      | 0 ||| qw: Always use a shield: true
     0 | D:1      | 0 ||| qw: God list: Okawaru
     0 | D:1      | 0 ||| qw: Allow faded altars: false
     0 | D:1      | 0 ||| qw: Do Orc after D:15 true
     0 | D:1      | 0 ||| qw: Do second Lair branch before Depths: true
     0 | D:1      | 0 ||| qw: Lair rune preference: random
     0 | D:1      | 0 ||| qw: Plans: Normal, Zot:1-4, Slime:5, God:TSO, Crypt,
                  | Tomb, Pan, Hells, Abyss, Win
     0 | D:1      | 0 ||| PLANNING D:1-11
    27 | D:1      | 27 ||| Stepping ~*~*~tactically~*~*~ (hiding).
   350 | D:1      | 350 ||| Stepping ~*~*~tactically~*~*~ (stealth).
   354 | D:1      | Reached XP level 2. HP: 19/19 MP: 2/2
   716 | D:1      | 716 ||| UPGRADING to ring of protection from fire.
   717 | D:1      | 717 ||| READING scroll labelled XUDWEIPTAM.
   718 | D:1      | 718 ||| READING scroll labelled OXKUUDOPTOA.
   799 | D:2      | 799 ||| Stepping ~*~*~tactically~*~*~ (hiding).
   987 | D:2      | Reached skill level 3 in Axes
   990 | D:2      | Reached XP level 3. HP: 16/23 MP: 3/3
  1049 | D:2      | 1049 ||| Stepping ~*~*~tactically~*~*~ (stealth).
  1052 | D:2      | 1052 ||| Stepping ~*~*~tactically~*~*~ (stealth).
  1081 | D:2      | 1081 ||| UPGRADING to ring of see invisible.
  1082 | D:2      | 1082 ||| READING scroll labelled RUSHRI CIKABE.
  1109 | D:2      | Noticed Jessica
  1130 | D:2      | HP: 3/23 [Jessica/puff of flame (4)]
  1133 | D:2      | Killed from afar by Jessica

Levels and vault maps discovered:
D:1:      dpeg_arrival_long_road, layout_loops_ring
D:2:      layout_basic, serial_bayou_lake_a, uniq_jessica

Skill      XL: |  1  2 |
---------------+-------+-----
Axes           | 2 3 |  3.4
Fighting       | |  3.2
Armour         | |  3.2
Shields        | |  3.2

Action                     || total
---------------------------++-------
  Melee: War axe           ||    85
    Use: Scroll            ||     3
 Armour: Scale mail        ||    52
  Dodge: Dodged            ||    44
  Block: Buckler           ||    16

Table legend:
 A = Non-vault XP
 B = Vault XP
 C = Vault XP percentage of total XP
 D = Non-vault monster count
 E = Vault monster count
 F = Vault count percentage of total count
                 A         B        C        D         E       F
            +---------+---------+-------+---------+---------+-------
      Total |      60 |       0 |   0.0 |      28 |       0 |   0.0
            +---------+---------+-------+---------+---------+-------
        D:1 |      17 |       0 |   0.0 |      12 |       0 |   0.0
        D:2 |      43 |       0 |   0.0 |      16 |       0 |   0.0
            +---------+---------+-------+---------+---------+-------
